 Dungeon Crawl Stone Soup version 0.31-a0-983-g7b6862f502 (webtiles) character file.

Game seed: 9610936074537500291

730 Arex the Sneak (level 8, -3/62 HPs)
             Began as a Human Delver on Nov 2, 2023.
             Slain by a black bear (5 damage)
             ... on level 6 of the Dungeon.
             The game lasted 00:09:21 (5320 turns).

Arex the Sneak (Human Delver)                       Turns: 5320, Time: 00:09:22

Health: -3/62      AC: 11    Str: 16    XL:     8   Next: 3%
Magic:  8/8        EV: 10    Int: 10    God:
Gold:   186        SH:  0    Dex: 14    Spells: 7/7 levels left

rFire   . . .        a - +0 hand axe
rCold   . . .        (no shield)
rNeg    . . .        y - +0 plate armour
rPois   .            (no helmet)
rElec   .            (no cloak)
rCorr   .            (no gloves)
SInv    .            u - +0 pair of boots
Will    .....        (no amulet)
Stlth   x              - +5 ring of evasion
HPRegen 0.30/turn    (no ring)
MPRegen 0.11/turn

%: no passive effects
@: studying Armour
A: no striking features
a: no special abilities


You were on level 6 of the Dungeon.
You visited 1 branch of the dungeon, and saw 6 of its levels.

You collected 186 gold pieces.

Inventory:

Hand Weapons
 a - a +0 hand axe (weapon)
Armour
 b - a +0 leather armour
 h - a +0 ring mail
 u - a +0 pair of boots (worn)
 y - a +0 plate armour (worn)
Magical Staves
 z - a staff of air
Jewellery
 m - a ring of ice
 w - an amulet of faith
 x - a +5 ring of evasion (left hand)
Wands
 g - a wand of digging (2)
 A - a wand of flame (10)
Scrolls
 c - 3 scrolls of fog
 e - 2 scrolls of fear
 i - a scroll of poison
 l - 2 scrolls of teleportation
 n - 2 scrolls of revelation
 q - a scroll of noise
 r - a scroll of amnesia
 t - a scroll of enchant weapon
Potions
 d - a potion of curing
 j - 2 potions of cancellation {unknown}
 k - a potion of magic {unknown}
 o - a potion of might {unknown}
 p - a potion of ambrosia
 v - a potion of brilliance


   Skills:
 + Level 5.1 Fighting
 + Level 4.5 Axes
 * Level 2.0 Armour
 - Level 4.3 Dodging
 - Level 6.6 Stealth


You had 7 spell levels left.
You didn't know any spells.
Your spell library was empty.

Dungeon Overview and Level Annotations

Branches:
Dungeon (6/15)             Temple (0/1) D:5

Altars:
Ashenzari
Cheibriados
Elyvilon
Makhleb
Nemelex Xobeh
Okawaru

Annotations:
D:5 Prince Ribbit


Message History

The black bear claws you. The black bear barely misses you.
You closely miss the black bear.
The black bear is almost dead.
The black bear bites you.
The black bear claws you but does no damage.
The black bear claws you.
The black bear bites you but does no damage.
The black bear closely misses you. x2
You hit the black bear.
The black bear is almost dead.
The black bear bites you!
* * * LOW HITPOINT WARNING * * *
The black bear claws you but does no damage. x2
You hit the black bear.
You punch the black bear, but do no damage.
The black bear is almost dead.
The black bear closely misses you. The black bear claws you.
* * * LOW HITPOINT WARNING * * *
The black bear claws you but does no damage.
The black bear bites you.
* * * LOW HITPOINT WARNING * * *
The black bear misses you.
The black bear claws you but does no damage.
You hit the black bear but do no damage.
The black bear is almost dead.
The black bear closely misses you. The black bear completely misses you.
The black bear misses you. The black bear completely misses you.
The black bear claws you.
* * * LOW HITPOINT WARNING * * *
The black bear claws you but does no damage.
You hit the black bear but do no damage.
The black bear is almost dead.
The black bear bites you.
* * * LOW HITPOINT WARNING * * *
The black bear barely misses you.
The black bear claws you but does no damage.
You barely miss the black bear.
The black bear is almost dead.
The black bear barely misses you. x2; The black bear claws you.
You die...

##### ####...####
########.........###
...................##
....................##
###..................#
####..............##
#.@...........##
#.h..........## #
#............# #
#..........### #
##.........## #
#########..# # #..# #
####.## # ###.....###
#


You could see a black bear (berserk).

Vanquished Creatures
  An ogre (D:5)
  A scorpion (D:5)
  A howler monkey (D:4)
  3 orc priests
  5 hounds (D:5)
  4 orc wizards
  A sleepcap (D:5)
  An iguana (D:4)
  10 adders
  A shadow imp (D:5)
  2 dart slugs (D:3)
  8 orcs
  6 ball pythons
  4 bats (D:3)
  3 endoplasms
  4 giant cockroaches
  6 goblins
  7 hobgoblins
  3 jackals (D:1)
  2 quokkas (D:1)
  A frilled lizard (D:2)
  2 kobolds (D:1)
  7 rats
83 creatures vanquished.

Notes
Turn   | Place    | Note
-------+----------+-------------------------------------------
     0 | D:5      | Arex the Human Delver began the quest for the Orb.
     0 | D:5      | Reached XP level 1. HP: 18/18 MP: 1/1
    25 | D:5      | Found a staircase to the Ecumenical Temple.
    36 | D:6      | Noticed Prince Ribbit
    67 | D:4      | Noticed a howler monkey
    67 | D:4      | Noticed a hound
    67 | D:4      | Noticed a hound
   118 | D:4      | Noticed an iguana
   173 | D:3      | Found an iron altar of Okawaru.
   232 | D:3      | Reached XP level 2. HP: 23/24 MP: 2/2
   525 | D:1      | Reached XP level 3. HP: 29/29 MP: 3/3
  1297 | D:2      | Found a faded altar of an unknown god.
  1334 | D:2      | Reached XP level 4. HP: 29/35 MP: 4/4
  2553 | D:4      | Reached XP level 5. HP: 36/42 MP: 5/5
  2897 | D:4      | Reached XP level 6. HP: 13/48 MP: 6/6
  3122 | D:4      | Noticed an orc warrior
  3332 | D:5      | Reached skill level 6 in Stealth
  3352 | D:5      | Found a snail-covered altar of Cheibriados.
  3352 | D:5      | Found a white marble altar of Elyvilon.
  3352 | D:5      | Found a sparkling altar of Nemelex Xobeh.
  3353 | D:5      | Found a burning altar of Makhleb.
  3354 | D:5      | Found a broken altar of Ashenzari.
  3761 | D:5      | Noticed an ogre
  3809 | D:5      | Killed an ogre
  3810 | D:5      | Reached XP level 7. HP: 22/55 MP: 7/7
  4668 | D:5      | Identified a scroll of acquirement
  4670 | D:5      | Acquired a manual of Armour
  4707 | D:6      | Reached skill level 5 in Fighting
  4707 | D:6      | Reached skill level 1 in Armour
  5235 | D:6      | Reached XP level 8. HP: 59/62 MP: 8/8
  5319 | D:6      | HP: 2/62 [black bear (6)]
  5320 | D:6      | Slain by a black bear

Illustrated notes

Levels and vault maps discovered:
D:1:      lemuel_arrival_behind_the_door_small, layout_rooms,
          minmay_tetromino_i4
D:2:      layout_basic, shapermc_ecumenical_altar_acropolis
D:3:      layout_basic, nicolae_overflow_crystal_walls, guppyfry_early_lair_pool
D:4:      layout_loops_ring, hex_tiny
D:5:      layout_loops_ring, nicolae_overflow_hidden_temple,
          minmay_temple_entry_from_below_a
D:6:      minmay_general_purpose_star, layout_cave_pods,
          nicolae_kite_square_tiling_tiny, uniq_prince_ribbit1,
          uniq_blork_the_orc

Skill      XL: |  1  2  3  4  5  6  7  8 |
---------------+-------------------------+-----
Axes           | 3 4 |  4.5
Dodging        | 3 4 |  4.3
Fighting       | 4 5 |  5.1
Stealth        | 6 |  6.6
Armour         | 1 2 |  2.0

Action                     |  1- 3 |  4- 6 |  7- 9 || total
---------------------------+-------+-------+-------++-------
  Melee: Hand axe          |   121 |   238 |   186 ||   545
         Punch             |       |     2 |     5 ||     7
  Evoke: Wand              |       |     1 |     4 ||     5
    Use: Scroll            |     2 |     6 |     5 ||    13
         Potion            |     1 |     3 |     5 ||     9
   Stab: Sleeping          |     4 |     2 |       ||     6
 Armour: Ring mail         |   105 |   137 |       ||   242
         Plate armour      |       |   106 |   190 ||   296
  Dodge: Dodged            |    97 |   115 |   112 ||   324

Table legend: (Time is in decaauts)
 A = Elapsed time spent in this place.
 B = Non-inter-level travel time spent in this place.
 C = Inter-level travel time spent in this place.
 D = Time resting spent in this place.
 E = Time spent auto-exploring this place.
 F = Levels seen in this place.
 G = Mean time per level.
                   A        B        C        D        E       F      G
               +--------+--------+--------+--------+--------+-----+--------+
         Total |   5367 |   5220 |    147 |   1482 |   2399 |   6 |  894.5 |
       Dungeon |   5367 |   5220 |    147 |   1482 |   2399 |   6 |  894.5 |
               +--------+--------+--------+--------+--------+-----+--------+

Top non-repeatable levels by time:
     D:5: 1585 daAuts
     D:3: 1033 daAuts
     D:1: 796 daAuts
     D:4: 715 daAuts
     D:6: 638 daAuts
     D:2: 598 daAuts
